 Dungeon Crawl Stone Soup version 0.21.0 (webtiles) character file.

28 Clarigatio the Sneak (level 3, 0/19 HPs)
             Began as a Kobold Enchanter on Apr 4, 2018.
             Slain by Natasha (6 damage)
             ... on level 2 of the Dungeon.
             The game lasted 00:09:42 (991 turns).

Clarigatio the Sneak (Kobold Enchanter)              Turns: 991, Time: 00:09:43

Health: 0/19       AC:  2    Str:  5    XL:     3   Next: 27%
Magic:  0/6        EV: 15    Int: 17    God:
Gold:   54         SH:  0    Dex: 15    Spells: 0/6 levels left

rFire    . . .     SeeInvis .   k - +1 dagger (drain)
rCold    . . .     Gourm    .   (shield restricted)
rNeg     . . .     Faith    .   b - +0 robe
rPois    .         Spirit   .   (no helmet)
rElec    .         Reflect  .   (no cloak)
rCorr    .         Harm     .   (no gloves)
MR       .....                  (no boots)
Stlth    +++.......             (no amulet)
HPRegen  0.06/turn              (no ring)
MPRegen  0.10/turn              (no ring)

@: very slightly contaminated, drained
A: small, carnivore
a: no special abilities


You were on level 2 of the Dungeon.
You were very full.

You visited 1 branch of the dungeon, and saw 2 of its levels.

You collected 54 gold pieces.

Inventory:

Hand Weapons
 a - a +1 dagger
 k - a +1 dagger of draining (weapon)
 r - a +0 hunting sling
Missiles
 e - 61 stones
 g - 48 arrows
 h - 23 bolts
 n - 17 sling bullets
 o - 7 tomahawks (quivered)
Armour
 b - a +0 robe (worn)
Scrolls
 f - a scroll of magic mapping {unknown}
 i - a scroll of blinking {unknown}
 q - 2 scrolls of identify {unknown}
 s - a scroll of remove curse {unknown}
Potions
 j - a potion of brilliance {unknown}
 l - a potion of agility
 m - a potion of curing {unknown}
Books
 c - a book of Maledictions

   Spells                             Type                      Level
   a - Corona                         Hexes                        1
   b - Ensorcelled Hibernation        Hexes/Ice                    2
   c - Confuse                        Hexes                        3
   d - Tukima's Dance                 Hexes                        3
   e - Dazzling Spray                 Conjuration/Hexes            3
Comestibles
 d - 4 rations


   Skills:
 + Level 2.3(2.0) Short Blades
 + Level 0.1(0.0) Slings
 + Level 2.5(2.1) Dodging
 + Level 4.5(4.1) Stealth
 + Level 2.2(1.9) Spellcasting
 + Level 3.4(3.0) Hexes


You couldn't memorise any spells.
You knew the following spells:

 Your Spells              Type           Power        Failure   Level  Hunger
a - Corona                Hex            ##.....      5%          1    #......
b - Ensorcelled Hibernat  Hex/Ice        #.....       16%         2    ###....
c - Confuse               Hex            ##......     17%         3    ###....


Dungeon Overview and Level Annotations

Branches:
Dungeon (2/15)

Altars:
Elyvilon

Annotations:
D:2 Jessica, Natasha


Innate Abilities, Weirdness & Mutations

You are small and have problems with some larger weapons.
You are carnivorous and can eat meat at any time.


Message History

You are very lightly contaminated with residual magic.
Your skin glows momentarily.
The goblin barely misses you.
Casting: Corona
Confirm with . or Enter, or press ? or * to list all spells.
Aiming: Corona
Press: ? - help, Shift-Dir - straight line, f/p - goblin
Aim: a goblin, wielding a dagger (chance to defeat MR: 66%)
The goblin is outlined in light.
The goblin completely misses you.
You barely miss the goblin. The goblin hits you with a dagger.
You hit the goblin. You drain the goblin!
You kill the goblin!
You start resting.
Eating one of 4 chunks of flesh.
You eat one of the 4 chunks of flesh.
This raw flesh tastes great.
Eating one of 3 chunks of flesh.
You eat one of the 3 chunks of flesh.
This raw flesh tastes great.
Eating one of 2 chunks of flesh.
You eat one of the 2 chunks of flesh.
This raw flesh tastes great.
Eating a chunk of flesh.
You eat the chunk of flesh.
This raw flesh tastes great.
Natasha claws you.
You die...

### .... ###.# ...>..
#.h.##### #.....
##@#.....### #.....#
#..##......## .......
#.###.......##
#.......#####.##...≈≈≈...#
..............##..≈≈≈≈≈..#
#...........###..≈≈♣≈≈..#
#<.........# #..≈≈≈≈≈..#
##.........# ♣...≈≈≈...♣
#.........## ♣♣.......♣♣


You could see Natasha.

Vanquished Creatures
  An ooze (D:1)
  A dart slug (D:1)
  A bat (D:2)
  2 giant cockroaches (D:1)
  6 goblins
  3 hobgoblins
  A frilled lizard (D:2)
  2 kobolds (D:1)
  3 rats
20 creatures vanquished.

Notes
Turn   | Place    | Note
-------+----------+-------------------------------------------
     0 | D:1      | Clarigatio the Kobold Enchanter began the quest for the Orb.
     0 | D:1      | Reached XP level 1. HP: 10/10 MP: 3/3
    91 | D:1      | Reached XP level 2. HP: 14/15 MP: 5/5
    99 | D:1      | Learned a level 2 spell: Ensorcelled Hibernation
   362 | D:1      | Reached XP level 3. HP: 6/19 MP: 1/6
   864 | D:2      | Noticed Jessica
   892 | D:2      | Learned a level 3 spell: Confuse
   946 | D:2      | Found a white marble altar of Elyvilon.
   955 | D:2      | Noticed Natasha
   991 | D:2      | Slain by Natasha

Skill      XL: |  1  2 |
---------------+-------+-----
Short Blades   | 2 |  2.3
Slings         | |  0.1
Dodging        | |  2.5
Stealth        | |  4.5
Spellcasting   | |  2.2
Hexes          | |  3.4

Action                   || total
-------------------------++-------
Melee: Dagger            ||    65
 Fire: Hunting sling     ||     6
Throw: Tomahawk          ||     4
 Cast: Corona            ||     7
       Ensorcelled Hiber ||     4
       Confuse           ||     2
  Use: Potion            ||     1
 Stab: Sleeping          ||     4
       Distracted        ||     1
  Eat: Chunk             ||     7
Armor: Robe              ||     8
Dodge: Dodged            ||    44
